 Dungeon Crawl Stone Soup version 0.18.1-50-g88ac8fd (webtiles) character file.

86 senseless the Skirmisher (level 4, -2/41 HPs)
             Began as a Minotaur Fighter on Sept 16, 2016.
             Slain by Grinder (6 damage)
             ... on level 3 of the Dungeon.
             The game lasted 00:04:06 (1253 turns).

senseless the Skirmisher (Minotaur Fighter)         Turns: 1253, Time: 00:04:07

Health: -2/41      AC:  9    Str: 25    XL:     4   Next: 26%
Magic:  3/3        EV:  8    Int:  5    God:
Gold:   97         SH: 10    Dex: 11    Spells: 0 memorised, 3 levels left

rFire  . . .     SeeInvis .     a - +0 flail
rCold  . . .     Gourm    .     b - +0 scale mail
rNeg   . . .     Faith    .     c - +0 shield
rPois  .         Spirit   .     h - +2 hat
rElec  .         Dismiss  .     (no cloak)
rCorr  .         Reflect  .     (no gloves)
SustAt .         Harm     .     (no boots)
MR     .....                    (no amulet)
Stlth  ..........               (no ring)
                                (no ring)

@: mighty, not resistant to hostile enchantments, extremely unstealthy
A: retaliatory headbutt, horns 2
a: no special abilities


You were on level 3 of the Dungeon.
You were not hungry.

You visited 1 branch of the dungeon, and saw 3 of its levels.

You collected 97 gold pieces.

Inventory:

Hand Weapons
 a - a +0 flail (weapon)
Armour
 b - a +0 scale mail (worn)
 c - a +0 shield (worn)
 h - a +2 hat (worn)
Scrolls
 m - 2 scrolls of amnesia {unknown}
 n - a scroll of fear {unknown}
 r - a scroll of enchant weapon {unknown}
 s - a scroll of noise {unknown}
Potions
 e - a potion of haste {unknown}
 g - a potion of degeneration {unknown}
 i - a potion of curing {unknown}
 k - a potion of cancellation {unknown}
 l - a potion of lignification {unknown}
 p - a potion of flight {unknown}
 q - a potion of mutation {unknown}
Comestibles
 f - 3 bread rations
 j - a chunk of flesh
 o - 7 fruits


   Skills:
 * Level 4.8 Fighting
 + Level 3.2 Maces & Flails
 + Level 4.1 Armour
 + Level 1.2 Dodging
 + Level 4.1 Shields


You had 3 spell levels left.
You didn't know any spells.

Dungeon Overview and Level Annotations

Branches:
Dungeon (3/15)

Altars:
Dithmenos
Gozag
Trog

Annotations:
D:3 Grinder


Innate Abilities, Weirdness & Mutations

You reflexively headbutt those who attack you in melee.
You have a pair of horns on your head.


Message History

You closely miss Grinder.
Grinder is moderately wounded.
Grinder hits you.
You writhe in agony.
You hit Grinder.
Grinder is moderately wounded.
Grinder blinks!
Grinder gestures at you.
You suddenly lose the ability to move!
Grinder gestures at you. Pain shoots through your body!
* * * LOW HITPOINT WARNING * * *
Grinder hits you but does no damage.
You can move again.
You see here a flail.
You closely miss Grinder. Your headbutt misses Grinder.
Grinder is moderately wounded.
Grinder hits you.
* * * LOW HITPOINT WARNING * * *
You writhe in agony.
You die...

#.#..##
......#
......#
.......
###....#
##.<.#
#...##
#.#.#
#.#@#
#.#5#
..#)#
###)#
..# #.##
#. #. #.


You could see Grinder.

Vanquished Creatures
  4 adders (D:2)
  2 worms (D:2)
  A dart slug (D:2)
  A giant gecko (D:2)
  5 orcs (D:3)
  A ball python (D:1)
  A giant cockroach (D:2)
  2 goblins (D:1)
  4 hobgoblins
  2 jackals (D:1)
  A quokka (D:2)
  6 bats
  A giant newt (D:2)
  3 kobolds
  4 rats
38 creatures vanquished.

Notes
Turn   | Place    | Note
--------------------------------------------------------------
     0 | D:1      | senseless the Minotaur Fighter began the quest for the Orb.
     0 | D:1      | Reached XP level 1. HP: 19/19 MP: 0/0
   233 | D:1      | Reached XP level 2. HP: 27/27 MP: 1/1
   562 | D:2      | Found an opulent altar of Gozag.
   687 | D:2      | Reached XP level 3. HP: 28/34 MP: 2/2
   836 | D:2      | Found a shadowy altar of Dithmenos.
   904 | D:2      | Found a bloodstained altar of Trog.
   908 | D:2      | Reached XP level 4. HP: 33/41 MP: 3/3
  1219 | D:3      | Reached skill level 1 in Dodging
  1224 | D:3      | Noticed Grinder
  1236 | D:3      | Paralysed by Grinder for 7 turns
  1247 | D:3      | Paralysed by Grinder for 6 turns
  1253 | D:3      | Slain by Grinder

Skill      XL: |  1  2  3  4 |
---------------+-------------+-----
Fighting       | 4 |  4.8
Maces & Flails | 3 |  3.2
Armour         | 4 |  4.1
Shields        | 4 |  4.1
Dodging        | 1 |  1.2

Action                   |  1- 3 |  4- 6 || total
-------------------------+-------+-------++-------
Melee: Flail             |    70 |    19 ||    89
       Headbutt          |    11 |     2 ||    13
  Use: Potion            |       |     1 ||     1
  Eat: Chunk             |       |     1 ||     1
Armor: Scale mail        |    36 |     5 ||    41
Dodge: Dodged            |    21 |     8 ||    29
Block: Shield            |    38 |     2 ||    40
